Map: Catallena LE (Void)

Players

PhD - Winner!

  • Race: Protoss Protoss
  • League: Gold
  • Spawn Location: 5:00

Juxtapose

  • Race: Protoss Protoss
  • League: Silver
  • Spawn Location: 12:00

VOD

https://youtu.be/DX-CNjYaTiI

Description

My opponent is in Gold League and he was simply better than me.

I liked how the Void Rays I got performed though, so that might be something to explore further in the mirror match. I also forgot that against Protoss it's often better to get Stalkers as opposed to Zealots; I don't play this mirror match very often.

Time

  • Played on: July 29, 2017, 2:38 p.m.
  • Length: 12:09
Show
View Real Time Build Order
Export as new Build Order

PhD Protoss - Winner!

Build Orders: Nexus First 

Get SALT Encoding   

  12  0:01  Probe (Chrono Boost)  
  13  0:11  Probe (Chrono Boost)  
  14  0:19  Pylon  
  14  0:22  Probe (Chrono Boost)  
  15  0:37  Probe (Chrono Boost)  
  16  0:48  Probe (Chrono Boost)  
  17  0:59  Probe (Chrono Boost)  
  18  1:05  Nexus  
  18  1:14  Gateway  
  18  1:22  Probe (Chrono Boost)  
  18  1:23  Assimilator  
  19  1:29  Assimilator  
  19  1:33  Probe (Chrono Boost)  
  19  1:38  Pylon  
  20  1:43  Probe (Chrono Boost)  
  22  1:54  Probe (Chrono Boost)  
  21  2:02  Cybernetics Core  
  21  2:05  Probe (Chrono Boost)  
  22  2:15  Probe (Chrono Boost)  
  23  2:26  Probe x2 (Chrono Boost)  
  25  2:30  Gateway  
  26  2:38  Stalker (Chrono Boost), Mothership Core (Chrono Boost)  
  26  2:41  Warp Gate (Chrono Boost)  
  26  2:43  Probe  
  30  2:53  Assimilator  
  30  2:55  Probe  
  31  2:58  Probe  
  32  3:07  Probe  
  32  3:10  Stalker, Probe  
  34  3:18  Stalker  
  34  3:19  Probe  
  39  3:23  Twilight Council, Probe  
  40  3:32  Probe  
  41  3:35  Probe  
  41  3:40  Robotics Facility  
  42  3:44  Probe  
  42  3:45  Pylon  
  43  3:52  Probe  
  44  3:56  Probe  
  44  3:57  Pylon  
  44  3:59  Stalker  
  45  4:02  Blink (Chrono Boost)  
  47  4:10  Probe x2  
  47  4:13  Assimilator  
  49  4:18  Pylon  
  49  4:22  Probe  
  50  4:28  Gateway  
  50  4:29  Observer  
  51  4:31  Gateway  
  48  4:49  Probe x2  
  48  5:01  Probe x2  
  48  5:02  Stalker x2  
  54  5:13  Probe  
  54  5:14  Probe  
  56  5:25  Gateway  
  56  5:31  Immortal  
  60  5:39  Pylon  
  60  5:42  Stalker x2  
  62  5:43  Stalker  
  66  5:50  Pylon  
  66  5:51  Forge  
  66  5:52  Probe  
  67  5:58  Probe  
  68  6:04  Probe  
  69  6:14  Immortal  
  69  6:19  Nexus  
  73  6:29  Photon Cannon  
  73  6:39  Photon Cannon  
  73  6:53  Probe x2  
  75  6:55  Charge (Chrono Boost)  
  75  6:56  Warp Prism  
  75  7:01  Pylon  
  77  7:03  Pylon  
  77  7:05  Protoss Ground Weapons Level 1 (Chrono Boost), Probe x2  
  79  7:17  Probe x2  
  81  7:29  Pylon, Probe x2  
  83  7:41  Probe  
  83  7:42  Probe x2  
  86  7:45  Photon Cannon  
  86  7:51  Photon Cannon  
  86  7:53  Probe x2  
  86  7:54  Probe  
  86  7:56  Stalker x3  
  95  8:03  Probe  
  96  8:05  Probe  
  96  8:06  Probe  
  94  8:17  Zealot x2  
  94  8:18  Probe x2  
  96  8:35  Zealot x3  
  96  8:36  Resonating Glaives  
  100  8:42  Probe  
  100  8:45  Assimilator  
  100  8:47  Assimilator  
  101  8:51  Protoss Ground Weapons Level 2 (Chrono Boost)  
  101  8:53  Gateway  
  101  8:55  Gateway, Zealot x4  
  107  8:56  Gateway, Zealot  
  107  8:59  Gateway  
  107  9:02  Nexus  
  111  9:11  Stargate  
  111  9:12  Pylon  
  111  9:17  Stargate  
  111  9:25  Zealot x2  
  111  9:26  Zealot x2  
  79  10:02  Zealot x5  
  83  10:07  Immortal  
  83  10:12  Void Ray x2 (Chrono Boost)  
  91  10:22  Zealot x2  
  91  10:23  Zealot x4  
  91  10:24  Zealot x3  
  107  10:40  Probe x2  
  107  10:41  Probe x2  
  107  10:46  Assimilator  
  107  10:49  Pylon  
  103  10:52  Pylon  
  103  10:53  Assimilator, Void Ray (Chrono Boost), Probe  
  103  10:54  Void Ray (Chrono Boost)  
  103  10:55  Fleet Beacon  
  103  10:56  Pylon  
  108  10:57  Stargate  
  108  10:58  Stargate  
  100  11:15  Zealot x3  
  100  11:16  Zealot x5  
  114  11:31  Void Ray x2 (Chrono Boost)  
  122  11:37  Probe x2  
Show
View Real Time Build Order
Export as new Build Order

Juxtapose Protoss 

Build Orders: Oracle Opening 

Get SALT Encoding   

  12  0:01  Probe (Chrono Boost)  
  13  0:12  Probe (Chrono Boost)  
  14  0:20  Pylon  
  14  0:22  Probe (Chrono Boost)  
  15  0:38  Probe (Chrono Boost)  
  15  0:42  Gateway  
  16  0:48  Probe (Chrono Boost)  
  17  0:56  Pylon  
  17  0:59  Probe (Chrono Boost)  
  18  1:06  Assimilator  
  18  1:10  Probe (Chrono Boost)  
  19  1:20  Probe (Chrono Boost)  
  20  1:36  Cybernetics Core  
  19  1:59  Probe (Chrono Boost)  
  20  2:09  Probe (Chrono Boost)  
  20  2:10  Assimilator  
  21  2:16  Pylon  
  21  2:20  Probe (Chrono Boost)  
  22  2:33  Zealot  
  24  2:48  Stargate  
  24  2:55  Nexus  
  24  2:58  Pylon  
  26  3:12  Mothership Core (Chrono Boost)  
  26  3:17  Pylon  
  26  3:22  Warp Gate  
  26  3:27  Gateway  
  26  3:31  Pylon, Probe (Chrono Boost)  
  27  3:39  Oracle (Chrono Boost)  
  31  3:41  Probe (Chrono Boost)  
  31  4:29  Zealot x2  
  33  5:01  Twilight Council  
  33  5:05  Robotics Facility  
  33  5:12  Zealot x2  
  35  5:31  Probe  
  36  5:40  Charge (Chrono Boost)  
  36  5:41  Probe  
  37  5:52  Probe  
  38  6:02  Probe  
  38  6:03  Pylon  
  38  6:05  Pylon  
  38  6:08  Observer  
  40  6:18  Gateway  
  40  6:20  Gateway  
  40  6:26  Forge  
  40  6:30  Immortal  
  44  6:46  Probe  
  44  6:49  Probe  
  46  6:54  Assimilator  
  46  6:57  Assimilator, Probe  
  46  6:58  Zealot x2  
  51  7:02  Probe  
  51  7:06  Protoss Ground Weapons Level 1  
  52  7:08  Probe  
  52  7:09  Immortal  
  52  7:14  Probe  
  57  7:15  Pylon  
  57  7:19  Probe  
  58  7:26  Probe  
  59  7:30  Sentry  
  59  7:31  Sentry  
  59  7:32  Probe  
  64  7:38  Probe  
  64  7:39  Stalker x2  
  64  7:42  Probe  
  70  7:48  Immortal  
  70  7:50  Probe  
  75  7:55  Zealot  
  75  7:56  Zealot  
  71  8:38  Stalker x3  
  71  8:39  Stalker  
  73  8:42  Immortal  
  77  8:56  Probe  
  77  9:00  Protoss Ground Armor Level 1  
  78  9:06  Void Ray  
  82  9:17  Stalker x3  
  82  9:21  Immortal  
  92  9:37  Robotics Bay  
  61  9:56  Zealot x2  
  61  9:57  Zealot x2  
  61  10:04  Mothership Core  
  53  10:08  Void Ray  
  57  10:25  Probe  
  58  10:30  Pylon  
  58  10:32  Pylon  
  58  10:34  Nexus  
  58  10:36  Pylon x2  
  58  10:37  Stalker  
  58  10:38  Stalker  
  58  10:39  Zealot x2  
  37  10:55  Zealot x4  
  32  11:05  Disruptor  
  20  11:36  Assimilator  
  20  11:38  Assimilator  
Tags
 
Add a new tag
Caveats
  • Supply blocks, unpowered buildings, or Contaminate may cause inaccurate times.
  • Supply counts are checked every 10 seconds.